AoeStats
← Jérôme

Black Forest

510523834Analyzed
2v2 RM · 1d ago on Oct 1, 2026· 38m 50s· 4 players
Game mode
Random Map
Map size
Medium (4 player)
Population
200
Speed
Normal
Resources
Standard
Victory
Conquest
Starting age
Dark Age
Ending age
Imperial Age
RankedLock teamsTeams togetherTeam positionsShared explorationLock speedFull tech treeHidden civsTurbo modeCheats
Victory
Defeat
🇫🇷 Franks · France
1000
+32
🇦🇷 Byzantines · Argentina
908
+12
🇨🇳 Inca · China
846
-11
🇦🇺 Mongols · Australia
807
-10
Madsniperbra
2:38 Loom
15:15 Feudal Age
17:52 Double-Bit Axe
18:45 Wheelbarrow
22:59 Castle Age
21:26 Bloodlines
21:29 Forging
22:08 Scale Barding Armor
25:41 Gold Mining
26:18 Husbandry
26:58 Iron Casting
26:44 Chain Barding Armor
27:32 Town Watch
28:03 Hand Cart
33:54 Town Patrol
35:32 Fletching
wBIRDSf
12:00 Feudal Age
15:47 Castle Age
14:16 Double-Bit Axe
14:24 Horse Collar
17:23 Heavy Plow
17:36 Bow Saw
17:42 Loom
22:56 Wheelbarrow
22:51 Town Watch
24:08 Hand Cart
Rey Gyuma
0:34 Loom
14:04 Feudal Age
17:19 Double-Bit Axe
20:34 Castle Age
19:57 Forging
19:41 Horse Collar
19:53 Gold Mining
24:19 Stone Mining
24:18 Arson
25:54 Scale Mail Armor
26:39 Squires
27:17 Iron Casting
32:14 Bow Saw
34:46 Fletching
35:09 Heavy Plow
36:59 Scale Barding Armor
39:17 Chain Mail Armor
38:46 Pikeman
Jérôme
7:00 Loom
14:49 Feudal Age
17:20 Double-Bit Axe
17:31 Gold Mining
17:32 Stone Mining
19:30 Wheelbarrow
19:57 Town Watch
26:58 Castle Age
28:32 Gold Shaft Mining
28:11 Bow Saw
28:13 Squires
28:33 Elite Skirmisher
30:32 Pikeman
Connection lost

Rejoining the realm…

Still unreachable

The connection could not be restored.

Session expired

The server has moved on; the page needs a fresh start.